 Dungeon Crawl Stone Soup version 0.25-a0-471-g78e40d7af6 (webtiles) character file.

Game seed: 15338977682532044364, levelgen mode: deterministic

70 zaran the Sneak (level 4, -3/30 HPs)
             Began as a Human Enchanter on Feb 6, 2020.
             Slain by a +2 vorpal scythe (11 damage)
             ... animated by the player character
             ... on level 2 of the Dungeon.
             The game lasted 00:10:37 (2806 turns).

zaran the Sneak (Human Enchanter)                   Turns: 2806, Time: 00:10:38

Health: -3/30      AC:  3    Str:  8    XL:     4   Next: 45%
Magic:  0/7        EV: 12    Int: 17    God:
Gold:   78         SH:  0    Dex: 13    Spells: 2/8 levels left

rFire    . . .     SeeInvis .   x - +2 dagger (holy)
rCold    . . .     Gourm    .   (no shield)
rNeg     . . .     Faith    .   b - +0 robe
rPois    .         Spirit   +   (no helmet)
rElec    .         Reflect  .   m - +0 cloak
rCorr    .         Harm     .   (no gloves)
MR       .....                  (no boots)
Stlth    +.........             r - amulet of guardian spirit
HPRegen  0.10/turn              (no ring)
MPRegen  0.10/turn              (no ring)

@: confused
A: no striking features
a: no special abilities


You were on level 2 of the Dungeon.
You were hungry.

You visited 1 branch of the dungeon, and saw 2 of its levels.

You collected 78 gold pieces.

Inventory:

Hand Weapons
 a - a +1 dagger
 n - a +0 short sword
 x - a +2 dagger of holy wrath (weapon)
Missiles
 e - 40 arrows
 j - 13 poisoned darts (quivered)
 l - 24 sling bullets
 p - 84 stones
 q - 2 boomerangs
Armour
 b - a +0 robe (worn)
 m - a +0 cloak (worn)
Jewellery
 r - an amulet of guardian spirit (around neck)
Scrolls
 g - 2 scrolls of fog {unknown}
 h - a scroll of remove curse {unknown}
 i - a scroll of immolation {unknown}
 s - a scroll of enchant armour {unknown}
 v - 3 scrolls of identify
 y - a scroll of teleportation {unknown}
Potions
 c - a potion of heal wounds {unknown}
 f - a potion of ambrosia {unknown}
 k - 2 potions of curing {unknown}
 o - 2 potions of cancellation {unknown}
 u - 2 potions of degeneration {unknown}
 w - a potion of might {unknown}
Comestibles
 d - 2 rations


   Skills:
 + Level 0.2 Fighting
 + Level 1.0 Short Blades
 + Level 2.3 Dodging
 + Level 3.9 Stealth
 + Level 2.5 Spellcasting
 + Level 3.5 Hexes
 + Level 0.4 Ice Magic


You had 2 spell levels left.
You knew the following spells:

 Your Spells              Type           Power        Failure   Level  Hunger
a - Corona                Hex            ##.....      4%          1    #......
b - Ensorcelled Hibernat  Hex/Ice        #.....       12%         2    ##.....
c - Tukima's Dance        Hex            ##......     13%         3    ###....

Your spell library contained the following spells:

 Spells                   Type           Power        Failure   Level  Hunger
 Confusing Touch          Hex            ##......     13%         3    ###....
 Dazzling Flash           Conj/Hex       #.....       26%         3    ###....


Dungeon Overview and Level Annotations

Branches:
Dungeon (2/15)

Altars:

Annotations:
D:2 Sigmund


Message History

Something hits you. Something hits you.
You are feeling hungry.
You barely miss something. Something hits you but does no damage.
Are you sure you want to stumble around while confused and next to your +2 vorpal scythe? [Y]es or [N]o only, please.
Are you sure you want to stumble around while confused and next to your +2 vorpal scythe?
Uppercase [Y]es or [N]o only, please.
Are you sure you want to stumble around while confused and next to your +2 vorpal scythe? [Y]es or [N]o only, please.
Are you sure you want to stumble around while confused and next to your +2 vorpal scythe? [Y]es or [N]o only, please.
Are you sure you want to stumble around while confused and next to your +2 vorpal scythe?
You hit your +2 vorpal scythe but do no damage.
Something hits you.
You hit the +2 vorpal scythe but do no damage.
Something hits you.
* * * LOW HITPOINT WARNING * * *
The +2 vorpal scythe hits you!
You die...

#.#.##.#
######.
#>#.##.####
#.
###..........
#.
#.........##
#####.
#.###.##..#
......
#.##...#..#
###### #
#..#.#..# #
#.{..#..# ##
#@###...# #.
#(# #.#.# #.
#.# #.#.# #.
# #.# #.#.#
##.
#.#.###.#.#
##..
#.#.##.#..#
#####..#
#.....###.#
#....<##
###.##.####
######.#
#(#### #..


You could see a +2 vorpal scythe.

Vanquished Creatures
  3 adders (D:2)
  An ooze (D:1)
  3 dart slugs
  A leopard gecko (D:2)
  An orc (D:2)
  A giant cockroach (D:1)
  3 hobgoblins
  A ball python (D:1)
  4 bats (D:1)
  A frilled lizard (D:2)
  5 goblins
  6 kobolds
  4 rats
34 creatures vanquished.

Notes
Turn   | Place    | Note
-------+----------+-------------------------------------------
     0 | D:1      | zaran the Human Enchanter began the quest for the Orb.
     0 | D:1      | Reached XP level 1. HP: 13/13 MP: 3/3
    90 | D:1      | Reached XP level 2. HP: 8/19 MP: 3/5
    94 | D:1      | Learned a level 2 spell: Ensorcelled Hibernation
  1155 | D:1      | Reached XP level 3. HP: 24/24 MP: 6/6
  2148 | D:2      | Reached XP level 4. HP: 12/30 MP: 0/7
  2774 | D:2      | Noticed Sigmund
  2779 | D:2      | Learned a level 3 spell: Tukima's Dance
  2806 | D:2      | Slain by a +2 vorpal scythe

Levels and vault maps discovered:
D:1:      dpeg_arrival_more_subterranean_lakeside_camping, layout_basic
D:2:      layout_loops_ring, uniq_sigmund, uniq_crazy_yiuf_cottage

Action                   |  1- 3 |  4- 6 || total
-------------------------+-------+-------++-------
Melee: Dagger            |    68 |    10 ||    78
 Cast: Corona            |     6 |       ||     6
       Ensorcelled Hiber |    27 |     5 ||    32
       Tukima's Dance    |       |     1 ||     1
  Use: Scroll            |     1 |       ||     1
 Stab: Sleeping          |    20 |     6 ||    26
  Eat: Chunk             |     6 |     2 ||     8
Armor: Robe              |    12 |     4 ||    16
Dodge: Dodged            |    45 |     6 ||    51

Table legend:
 A = Non-vault XP
 B = Vault XP
 C = Vault XP percentage of total XP
 D = Non-vault monster count
 E = Vault monster count
 F = Vault count percentage of total count
                 A         B        C        D         E       F
            +---------+---------+-------+---------+---------+-------
      Total |     101 |       0 |   0.0 |      34 |       0 |   0.0
            +---------+---------+-------+---------+---------+-------
        D:1 |      33 |       0 |   0.0 |      17 |       0 |   0.0
        D:2 |      68 |       0 |   0.0 |      17 |       0 |   0.0
            +---------+---------+-------+---------+---------+-------
